 Dungeon Crawl Stone Soup version 0.24-a0-378-g94936e539c (webtiles) character file.

Game seed: 7741170779208115217

15 HAL9000 the Sneak (level 2, 13/15 HPs)
             Began as a Vine Stalker Assassin on June 2, 2019.
             Quit the game on level 1 of the Dungeon.
             The game lasted 00:01:35 (375 turns).

HAL9000 the Sneak (Vine Stalker Assassin)            Turns: 375, Time: 00:01:36

Health: 13/15      AC:  3    Str: 13    XL:     2   Next: 50%
Magic:  3/3        EV: 11    Int: 11    God:
Gold:   27         SH:  0    Dex: 15    Spells: 1/1 levels left

rFire    . . .     SeeInvis .   k - -3 short sword (curse)
rCold    . . .     Gourm    .   (no shield)
rNeg     . . .     Faith    .   b - +0 robe
rPois    .         Spirit   +   (no helmet)
rElec    .         Reflect  .   c - +0 cloak
rCorr    .         Harm     .   (no gloves)
MR       .....                  (no boots)
Stlth    +++.......             i - amulet of rage
HPRegen  0.05/turn              (no ring)
MPRegen  0.08/turn              (no ring)

@: no status effects
A: fangs 2, magic shield, antimagic bite, no potion heal 3, rot immunity
a: Evoke Berserk Rage


You were on level 1 of the Dungeon.
You were not hungry.

You visited 1 branch of the dungeon, and saw 1 of its levels.

You collected 27 gold pieces.

Inventory:

Hand Weapons
 a - a +3 dagger
 k - a cursed -3 short sword (weapon)
Missiles
 d - 34 poisoned darts (quivered)
 e - 2 curare-tipped darts
 g - 5 boomerangs
Armour
 b - a +0 robe (worn)
 c - a +0 cloak (worn)
Jewellery
 i - an amulet of rage (around neck)
Comestibles
 f - a ration


   Skills:
 - Level 1.7 Fighting
 + Level 2.7 Short Blades
 - Level 1.7 Throwing
 - Level 0.7 Dodging
 - Level 4.8 Stealth


You had one spell level left.
You didn't know any spells.
Your spell library was empty.

Dungeon Overview and Level Annotations

Branches:
Dungeon (1/15)

Altars:


Innate Abilities, Weirdness & Mutations

You have extremely sharp teeth.
When hurt, damage is shared between your health and your magic reserves.
Your bite disrupts and absorbs the magic of your enemies.
Potions cannot restore your health.
You are immune to rotting.


Message History

You hit the bat but do no damage. The bat misses you.
You hit the bat but do no damage. The bat hits you but does no damage. x2
You barely miss the bat. The bat barely misses you.
The bat hits you but does no damage.
You hit the bat.
The bat is heavily wounded.
The bat misses you. The bat hits you but does no damage.
You miss the bat. Your bite misses the bat.
The bat is heavily wounded.
The bat misses you. The bat closely misses you.
You closely miss the bat.
The bat is heavily wounded.
The bat hits you but does no damage. The bat barely misses you.
The bat closely misses you. The bat hits you but does no damage.
The bat closely misses you.
You hit the bat but do no damage.
The bat is heavily wounded.
The bat barely misses you. The bat hits you but does no damage.
Are you sure you want to abandon this character and quit the game? (Confirm with "yes".)

#.###.# #... #.###.## ###..#
...##..# ####.... #..###.#
#....#.# #).###.### ##.# #..#
.........#######..# #.##
..####.....#.....####.#
..#####.............#.#######
....#...........@...........#
.##...#.#########b......#####
...........## #..###..####
#..##........ ...###......#
#.......>.... ## #.####.#
#............ #.# #
).##......... #.#
####.........# ##.#
#.........# ###..#


You could see a bat.

Vanquished Creatures
  An ooze (D:1)
  A leopard gecko (D:1)
  2 bats (D:1)
  A giant cockroach (D:1)
  A goblin (D:1)
  A kobold (D:1)
  2 frilled lizards (D:1)
9 creatures vanquished.

Notes
Turn   | Place    | Note
-------+----------+-------------------------------------------
     0 | D:1      | HAL9000 the Vine Stalker Assassin began the quest for the
                  | Orb.
     0 | D:1      | Reached XP level 1. HP: 11/11 MP: 2/2
    61 | D:1      | Reached XP level 2. HP: 10/15 MP: 3/3
   375 | D:1      | Quit the game

Levels and vault maps discovered:
D:1:      erik_arrival_triangle_small, layout_rooms, nrook_uturn

Skill      XL: |  1 |
---------------+----+-----
Short Blades   | 2 |  2.7
Fighting       | |  1.7
Throwing       | |  1.7
Dodging        | |  0.7
Stealth        | |  4.8

Action                   || total
-------------------------++-------
Melee: Dagger            ||    24
       Bite              ||     9
       Short sword       ||    13
  Use: Scroll            ||     2
Armor: Robe              ||    15
Dodge: Dodged            ||    39

Table legend:
 A = Non-vault XP
 B = Vault XP
 C = Vault XP percentage of total XP
 D = Non-vault monster count
 E = Vault monster count
 F = Vault count percentage of total count
                 A         B        C        D         E       F
            +---------+---------+-------+---------+---------+-------
      Total |      22 |       0 |   0.0 |       9 |       0 |   0.0
            +---------+---------+-------+---------+---------+-------
        D:1 |      22 |       0 |   0.0 |       9 |       0 |   0.0
            +---------+---------+-------+---------+---------+-------
